 Dungeon Crawl Stone Soup version 0.21-a0-498-g1b60429 (webtiles) character file.

101837 noon the Peltast (level 16, -3/107 HPs)
             Began as a Gargoyle Fighter on Nov 24, 2017.
             Was the Champion of Okawaru.
             Slain by the 27-headed Lernaean hydra (7 damage)
             ... on level 4 of the Swamp on Nov 25, 2017.
             The game lasted 03:33:22 (21737 turns).

noon the Peltast (Gargoyle Fighter)                Turns: 21737, Time: 03:33:23

Health: -3/107     AC: 39    Str: 31    XL:     16   Next: 31%
Magic:  19/19      EV: 12    Int: 10    God:    Okawaru [******]
Gold:   1210       SH: 15    Dex: 10    Spells: 15/15 levels left

rFire    + . .     SeeInvis .   a - +4 demon whip (venom)
rCold    . . .     Gourm    .   u - +0 shield
rNeg     + + +     Faith    .   e - +5 scale mail of the Buccaneer {rF+ rN+}
rPois    ∞         Spirit   .   v - +1 helmet
rElec    +         Reflect  .   p - +2 cloak
rCorr    .         Harm     .   V - +1 pair of gloves {Str+3}
MR       +....                  y - +2 pair of boots of the Assassin {Detection Stab+ Stlth++}
Stlth    ++........             N - amulet of regeneration
HPRegen  0.67/turn              z - ring of positive energy
MPRegen  0.16/turn              x - +3 ring of strength

@: flying
A: big wings, negative energy resistance 1, electricity resistance, unbreathing,
petrification resistance, rot immunity, AC +12
a: Stop Flying, Heroism, Finesse, Renounce Religion


You were on level 4 of the Swamp.
You worshipped Okawaru.
Okawaru was exalted by your worship.
You were not hungry.

You visited 4 branches of the dungeon, and saw 21 of its levels.
You also visited: Ossuary and Ice Cave.

You collected 1210 gold pieces.

Inventory:

Hand Weapons
 a - a +4 demon whip of venom (weapon)
 b - a +4 fustibalus of freezing
 c - a +2 morningstar of draining
Missiles
 o - 445 stones (quivered)
 q - 117 sling bullets
Armour
 e - the +5 scale mail of the Buccaneer (worn) {rF+ rN+}
   (Okawaru gifted it to you on level 5 of the Lair of Beasts)

   It protects you from fire.
   It protects you from negative energy.
 p - a +2 cloak (worn)
 u - a +0 shield (worn)
 v - a +1 helmet (worn)
 y - the +2 pair of boots of the Assassin (worn) {Detection Stab+ Stlth++}
   (Okawaru gifted it to you on level 3 of the Lair of Beasts)

   It makes you much more stealthy.
 B - a +0 cloak of cold resistance
 M - a +3 plate armour of fire resistance
 V - a +1 pair of gloves of strength (worn)
Jewellery
 x - a +3 ring of strength (right hand)
 z - a ring of positive energy (left hand)
 N - an amulet of regeneration (around neck)
Wands
 t - a wand of polymorph (22)
 K - a wand of iceblast (11)
 L - a wand of digging (29)
 O - a wand of flame (17)
 Q - a wand of disintegration (16)
Scrolls
 g - 3 scrolls of magic mapping
 i - 7 scrolls of remove curse
 k - 3 scrolls of fear
 m - 8 scrolls of teleportation
 r - 5 scrolls of immolation
 E - a scroll of torment {unknown}
 F - 2 scrolls of enchant weapon {unknown}
 G - 2 scrolls of blinking {unknown}
 H - a scroll of noise {unknown}
 J - a scroll of summoning {unknown}
 S - 5 scrolls of fog
 W - 6 scrolls of enchant armour
 Y - a scroll of vulnerability {unknown}
 Z - 2 scrolls of acquirement {unknown}
Potions
 d - 3 potions of might
 h - 3 potions of brilliance
 j - a potion of experience {unknown}
 s - 3 potions of curing
 w - 3 potions of berserk rage
 A - a potion of cancellation
 C - 2 potions of haste
 I - 2 potions of agility
 P - 2 potions of lignification
 T - a potion of resistance
 X - a potion of magic {unknown}
Comestibles
 f - 6 bread rations
 l - 24 fruits
 n - 10 meat rations
 U - 27 royal jellies


   Skills:
 * Level 14.9 Fighting
 + Level 13.4 Maces & Flails
 + Level 5.7 Slings
 * Level 14.4 Armour
 - Level 5.0 Dodging
 - Level 15.0 Shields
 + Level 5.1 Invocations


You had 15 spell levels left.
You didn't know any spells.

Dungeon Overview and Level Annotations

Branches:
Dungeon (10/15)            Temple (1/1) D:6            Lair (6/6) D:10
  Swamp (4/4) Lair:2        Snake (0/4) Lair:4        Slime (0/5) Lair:5
    Orc: D:9-12

Altars:
Ashenzari
Cheibriados
Dithmenos
Elyvilon
Fedhas
Gozag
Hepliaklqana
Kikubaaqudgha
Makhleb
Nemelex Xobeh
Okawaru
Qazlal
Ru
Sif Muna
Trog
Uskayaw
Vehumet
Wu Jian
Xom
Yredelemnul
Zin
The Shining One
Jiyva

Shops:
D:8 =

Annotations:
D:9 exclusion: orange crystal statue
Swamp:4 Lernaean hydra


Innate Abilities, Weirdness & Mutations

You are resistant to torment.
Your stone body is resilient. (AC +12)
You are immune to poison.
Your large and strong wings let you fly indefinitely.
You resist negative energy. (rN+)
You are resistant to electric shocks. (rElec)
You can survive without breathing.
You are immune to petrification.
You are immune to rotting.


Message History

The 27-headed Lernaean hydra bites you.
* * * LOW HITPOINT WARNING * * *
The 27-headed Lernaean hydra bites you but does no damage. x3
There is a stone staircase leading up here.
The insubstantial wisp blinks!
The spriggan rider hits you but does no damage.
The 27-headed Lernaean hydra bites you.
* * * LOW HITPOINT WARNING * * *
The 27-headed Lernaean hydra bites you but does no damage.
The 27-headed Lernaean hydra barely misses you.
The 27-headed Lernaean hydra bites you.
* * * LOW HITPOINT WARNING * * *
You block the 27-headed Lernaean hydra's attack.
The 27-headed Lernaean hydra bites you but does no damage. x2
You block the 27-headed Lernaean hydra's attack.
The 27-headed Lernaean hydra bites you but does no damage.
You block the 27-headed Lernaean hydra's attack.
The 27-headed Lernaean hydra bites you but does no damage. x7
The 27-headed Lernaean hydra bites you!
You die...

## ♣♣ ≈ ♣≈ ≈.♣.. ≈<.≈.
.≈.≈.. ♣♣♣ ≈...♣≈♣♣♣♣♣
♣♣♣♣♣.♣ ≈≈≈....@.≈♣
♣♣.♣.≈≈≈ .≈≈≈≈≈≈≈D≈♣♣
♣≈≈..... ..≈≈≈≈≈≈ii.♣♣♣♣
♣♣≈..≈.. ≈≈.§≈≈≈≈≈≈y≈≈.♣
♣..≈≈≈.
...§..§≈≈≈D§≈≈♣♣♣♣..v♣..
.≈..≈≈≈≈≈≈≈≈v♣♣♣i≈≈≈≈..≈
≈≈≈.≈≈≈≈≈§≈..≈§≈≈v...)≈≈
≈≈≈..≈≈≈≈...♣≈D≈≈♣♣..♣.≈
♣≈§♣....≈...♣♣≈♣♣♣♣♣♣♣♣≈


You could see the 27-headed Lernaean hydra, 2 swamp dragons, 2 spriggan riders,
a hornet and an insubstantial wisp.

Vanquished Creatures
  The ghost of p0werm0de the Brawler, an adept TrSk of Cheibriados (Swamp:4)
  2 thorn hunters
  Aizul (Swamp:1)
  Snorg (Lair:6)
  15 hydras
  2 catoblepae (Lair:6)
  A ghost crab (Swamp:1)
  2 alligators
  2 two-headed ogres
  13 death yaks
  2 spriggan druids
  10 swamp dragons
  Pikel (D:7)
  A lindwurm (Lair:6)
  2 shambling mangroves (Swamp:3)
  2 manticores (Lair:6)
  11 elephants (Lair:6)
  6 black mambas
  A torpor snail (Lair:6)
  17 spiny frogs
  9 ice devils (IceCv)
  3 rime drakes
  8 komodo dragons
  A queen bee (Lair:4)
  15 polar bears
  4 trolls
  6 tyrant leeches
  3 meliai
  2 raiju (Lair:6)
  19 blink frogs
  9 hornets
  22 slime creatures
  11 bog bodies
  10 dream sheep
  4 spriggans
  9 hippogriffs
  42 yaks
  5 wyverns
  3 hungry ghosts
  2 basilisks
  6 vampire mosquitoes
  3 wargs (Lair:6)
  13 insubstantial wisps
  12 swamp worms
  17 hell hounds
  11 water moccasins
  8 porcupines
  6 swamp drakes
  2 sky beasts
  5 orc warriors
  4 slaves
  12 black bears
  An eye of draining (D:9)
  25 wolves
  4 ogres
  A centaur (D:7)
  A phantom (D:10)
  19 crocodiles
  14 bullfrogs
  A gnoll sergeant (D:6)
  2 water moccasin zombies (Ossuary)
  3 scorpions
  29 killer bees
  3 electric eels
  3 wights (D:10)
  2 crimson imps
  A centaur zombie (D:6)
  2 orc priests
  Crazy Yiuf (D:3)
  4 hounds
  2 jellies
  4 iguanas
  Jessica (D:1)
  10 orc wizards
  Terence (D:2)
  10 worker ants
  4 big kobold zombies (Ossuary)
  A hound zombie (D:5)
  A hound skeleton (D:7)
  2 mummies (Ossuary)
  A howler monkey zombie (D:8)
  Robin (D:2)
  11 gnolls
  6 adders
  3 shadow imps
  8 white imps (IceCv)
  3 ufetubi (IceCv)
  9 adder zombies (Ossuary)
  An adder skeleton (D:7)
  2 worms
  A dart slug (D:4)
  5 leopard geckos
  28 orcs
  2 ball pythons
  10 bats
  4 giant cockroaches
  15 goblins
  12 hobgoblins
  8 jackals
  9 kobolds
  5 quokkas
  3 frilled lizards
  8 gnoll zombies
  2 hobgoblin zombies (Ossuary)
  8 kobold zombies (Ossuary)
  8 orc zombies (Ossuary)
  2 quokka skeletons
  13 rats
  A plant (Lair:5)
720 creatures vanquished.

Vanquished Creatures (others)
  A reaper (IceCv)
  A warg (Lair:6)
  6 white imps (IceCv)
  2 ufetubi (IceCv)
  A goblin (D:2)
  3 briar patches
  16 fungi
  12 plants (Lair:6)
42 creatures vanquished.

Grand Total: 762 creatures vanquished

Notes
Turn   | Place    | Note
-------+----------+-------------------------------------------
     0 | D:1      | noon the Gargoyle Fighter began the quest for the Orb.
     0 | D:1      | Reached XP level 1. HP: 14/14 MP: 1/1
   277 | D:1      | Reached XP level 2. HP: 19/19 MP: 2/2
   833 | D:2      | Reached XP level 3. HP: 23/23 MP: 3/3
   994 | D:2      | Noticed Robin
   996 | D:2      | Noticed Jessica
  1127 | D:1      | Killed Jessica
  1127 | D:1      | Reached skill level 4 in Shields
  1127 | D:1      | Reached XP level 4. HP: 14/29 MP: 4/4
  1291 | D:2      | Killed Robin
  1438 | D:2      | Noticed Terence
  1615 | D:2      | Reached XP level 5. HP: 31/33 MP: 5/5
  1651 | D:2      | Found a shimmering altar of Xom.
  1752 | D:2      | Killed Terence
  2161 | D:3      | Reached XP level 6. HP: 37/39 MP: 6/6
  2644 | D:3      | Found a runed door.
  2686 | D:3      | Reached skill level 1 in Dodging
  2824 | D:3      | Noticed Crazy Yiuf
  2857 | D:3      | Paralysed by Crazy Yiuf for 4 turns
  2864 | D:3      | Killed Crazy Yiuf
  3208 | D:4      | Reached skill level 5 in Shields
  3408 | D:4      | Found a basalt altar of Yredelemnul.
  3541 | D:5      | Entered Level 5 of the Dungeon
  3585 | D:5      | Found an ornate altar of the Wu Jian Council.
  3592 | D:5      | Found a white marble altar of Elyvilon.
  3592 | D:5      | Found a burning altar of Makhleb.
  3783 | D:5      | Noticed a sky beast
  3837 | D:5      | Killed a sky beast
  3837 | D:5      | Reached skill level 5 in Fighting
  3837 | D:5      | Reached XP level 7. HP: 41/44 MP: 7/7
  3916 | D:5      | Found a sand-covered staircase.
  3922 | Ossuary  | Entered an ossuary
  4077 | Ossuary  | Reached skill level 6 in Shields
  4257 | D:5      | Found a glowing silver altar of Zin.
  4312 | D:5      | Reached XP level 8. HP: 26/51 MP: 8/8
  4764 | D:6      | Reached skill level 7 in Shields
  4877 | D:5      | Reached skill level 5 in Maces & Flails
  5672 | D:6      | Found a staircase to the Ecumenical Temple.
  5679 | Temple   | Entered the Ecumenical Temple
  5786 | Temple   | Became a worshipper of Warmaster Okawaru
  6058 | D:6      | Reached skill level 8 in Shields
  6219 | D:7      | Found a white marble altar of Elyvilon.
  6527 | D:7      | Reached XP level 9. HP: 50/56 MP: 9/9
  6548 | D:7      | Reached skill level 5 in Armour
  7157 | D:8      | Reached * piety under Okawaru
  7654 | D:8      | Reached skill level 9 in Shields
  7688 | D:8      | Reached ** piety under Okawaru
  8110 | D:8      | Found Koenk's Jewellery Shop.
  8201 | D:8      | Noticed Pikel
  8253 | D:7      | Killed Pikel
  8253 | D:7      | Reached XP level 10. HP: 65/65 MP: 10/10
  8431 | D:10     | Entered Level 10 of the Dungeon
  8537 | D:10     | Reached *** piety under Okawaru
  8856 | D:9      | Noticed a two-headed ogre
  8867 | D:9      | Killed a two-headed ogre
  8867 | D:9      | Reached skill level 1 in Invocations
  8917 | D:9      | Noticed an orange crystal statue
  8933 | D:9      | Reached skill level 10 in Shields
  9219 | D:10     | Reached **** piety under Okawaru
  9325 | D:10     | Found a staircase to the Lair.
  9783 | D:10     | Reached XP level 11. HP: 68/71 MP: 12/12
  9941 | D:10     | Noticed a two-headed ogre
  9951 | D:10     | Killed a two-headed ogre
 10074 | Lair:1   | Entered Level 1 of the Lair of Beasts
 10499 | Lair:1   | Reached ***** piety under Okawaru
 10586 | Lair:1   | Reached skill level 10 in Fighting
 11146 | Lair:2   | Noticed a six-headed hydra
 11189 | Lair:1   | Killed a six-headed hydra
 11220 | Lair:2   | Found a staircase to the Swamp.
 11228 | Lair:2   | Reached skill level 11 in Shields
 11358 | Lair:2   | Received a gift from Okawaru
 11681 | Lair:2   | Reached XP level 12. HP: 57/78 MP: 15/15
 11797 | Lair:2   | Noticed a six-headed hydra
 11806 | Lair:2   | Killed a six-headed hydra
 12268 | Lair:3   | Reached skill level 10 in Armour
 12273 | Lair:3   | Reached ****** piety under Okawaru
 12287 | Lair:3   | Received a gift from Okawaru
 12288 | Lair:3   | Found the +2 pair of boots of the Assassin {Detection Stab+ Stlth++}
 12345 | Lair:3   | Reached skill level 10 in Maces & Flails
 12595 | Lair:3   | Noticed a six-headed hydra
 12608 | Lair:3   | Killed a six-headed hydra
 12653 | Lair:3   | Reached skill level 12 in Shields
 13201 | Lair:4   | Found a frozen archway.
 13220 | IceCv    | Entered an ice cave
 13538 | IceCv    | Killed a reaper
 13625 | IceCv    | Reached XP level 13. HP: 65/85 MP: 16/16
 14086 | Lair:4   | Found a staircase to the Snake Pit.
 14097 | Lair:4   | Received a gift from Okawaru
 14929 | Lair:5   | Reached skill level 1 in Slings
 15287 | Lair:5   | Received a gift from Okawaru
 15288 | Lair:5   | Got a garnet-encrusted scale mail {god gift}
 15299 | Lair:5   | Identified the +5 scale mail of the Buccaneer {rF+ rN+} (Okawaru gifted it to you on level 5 of the Lair of Beasts)
 15310 | Lair:5   | Reached skill level 13 in Shields
 15723 | Lair:5   | Found a staircase to the Slime Pits.
 15724 | Lair:5   | Found a viscous altar of Jiyva.
 16128 | Lair:6   | Entered Level 6 of the Lair of Beasts
 16240 | Lair:6   | Gained mutation: Your large and strong wings let you fly indefinitely. [Gargoyle growth]
 16240 | Lair:6   | Reached XP level 14. HP: 92/92 MP: 17/17
 16497 | Lair:6   | Received a gift from Okawaru
 16895 | Lair:6   | Noticed Snorg
 16927 | Lair:6   | Killed Snorg
 17612 | Lair:6   | Received a gift from Okawaru
 17612 | Lair:6   | Reached skill level 14 in Shields
 17651 | Lair:6   | Got a jewelled chain mail {god gift}
 17662 | Lair:6   | Identified the +1 chain mail of the Hidden Coins {rPois Int+7 Slay-3 SInv} (Okawaru gifted it to you on level 6 of the Lair of Beasts)
 17708 | Lair:6   | Reached skill level 5 in Dodging
 17789 | Lair:6   | Reached XP level 15. HP: 77/99 MP: 18/18
 18227 | Swamp:1  | Entered Level 1 of the Swamp
 18503 | Swamp:1  | Noticed Aizul
 18531 | Swamp:1  | Killed Aizul
 19436 | Swamp:2  | Noticed a thorn hunter
 19472 | Swamp:2  | Killed a thorn hunter
 19541 | Swamp:2  | Received a gift from Okawaru
 19545 | Swamp:2  | Got an iridescent mace {god gift}
 19546 | Swamp:2  | Identified the +3 mace of Honour {pain, -Tele rPois Str+4} (Okawaru gifted it to you on level 2 of the Swamp)
 20194 | Swamp:3  | Reached skill level 5 in Slings
 20371 | Swamp:3  | Received a gift from Okawaru
 20480 | Swamp:3  | Reached skill level 15 in Shields
 20905 | Swamp:3  | Noticed a thorn hunter
 20928 | Swamp:3  | Reached XP level 16. HP: 104/107 MP: 19/19
 20944 | Swamp:3  | Killed a thorn hunter
 21250 | Swamp:4  | Entered Level 4 of the Swamp
 21331 | Swamp:4  | Noticed p0werm0de's ghost (adept TrSk)
 21390 | Swamp:4  | Killed p0werm0de's ghost
 21485 | Swamp:4  | Received a gift from Okawaru
 21516 | Swamp:4  | Reached skill level 5 in Invocations
 21701 | Swamp:4  | Noticed the 27-headed Lernaean hydra
 21737 | Swamp:4  | HP: 4/107 [the 27-headed Lernaean hydra (6)]
 21737 | Swamp:4  | Slain by the 27-headed Lernaean hydra

Vault maps used:
D:1:      lemuel_arrival_room, roderic_lattice_a, minmay_misc_feat_five,
          minmay_misc_feat_tower
D:2:      tgw_xom, uniq_terence, uniq_robin, uniq_jessica
D:3:      uniq_crazy_yiuf_cottage
D:4:      lemuel_zombie_altar_yredelemnul, minmay_goblin_kobold_house
D:5:      nicolae_overflow_crystal_walls, grunt_temple_overflow_open,
          nicolae_ossuary_entry_monument, first_bread,
          kennysheep_cross_bottleneck
D:6:      temple_green, minmay_misc_feat_pillars
D:7:      basic_altar
D:8:      serial_shops, nicolae_shop_crystal, uniq_pikel
D:9:      minmay_separated_statues
D:10:     minmay_lair_entry_lava
Temple:   kb_temple_of_zot
Lair:2:   minmay_swamp_entry_reptiles
Lair:3:   bh_chokoban, serial_bayou_shore_b, infiniplex_staircase_pool
Lair:4:   dummy_snake_entry, portal_ice_cave_rime, beast_lair_carwin_7,
          grunt_megastairs_3, lemuel_fruit_tree
Lair:5:   slime_altar_1, special_room, beast_lair_carwin_6,
          serial_bayou_shore_b, serial_bayou_shore_b, serial_bayou_shore_a
Lair:6:   hangedman_lair_caniforms_friends, hangedman_lair_in_review, uniq_snorg
Swamp:1:  hangedman_swamp_pad, uniq_aizul
Swamp:2:  infiniplex_staircase_pool_2, swamp_pool2
Swamp:3:  evilmike_swamp_ruin_house_3, cheibrodos_swamp_slimy
Swamp:4:  swamp_basic_johnstein
Ossuary:  ossuary_tomb_2
IceCv:    ice_cave_small_demon

Skill      XL: |  1  2  3  4  5  6  7  8  9 10 11 12 13 14 15 16 |
---------------+-------------------------------------------------+-----
Shields        | 4 5 6 8 9 10 11 12 13 14 15 | 15.0
Fighting       | 4 5 6 8 9 10 11 12 13 14 | 14.9
Armour         | 4 6 8 9 10 12 13 14 | 14.4
Maces & Flails | 3 4 5 7 8 9 10 11 12 13 | 13.4
Dodging        | 1 2 3 4 5 |  5.0
Invocations    | 2 4 5 |  5.1
Slings         | 2 3 5 |  5.7

Action                   |  1- 3 |  4- 6 |  7- 9 | 10-12 | 13-15 | 16-18 || total
-------------------------+-------+-------+-------+-------+-------+-------++-------
Melee: Flail             |   184 |   345 |   740 |   583 |       |       ||  1852
       Morningstar       |       |       |       |   429 |     6 |       ||   435
       Demon whip        |       |       |       |       |  1820 |   228 ||  2048
 Fire: Hunting sling     |       |       |     1 |       |       |       ||     1
Throw: Stone             |       |     3 |     1 |     3 |       |       ||     7
  Use: Scroll            |     3 |     2 |     3 |     6 |     9 |       ||    23
 Stab: Sleeping          |       |       |       |       |     2 |       ||     2
  Eat: Chunk             |     1 |     8 |    13 |    21 |    17 |     4 ||    64
       Bread ration      |       |       |     1 |     2 |     2 |       ||     5
Armor: Scale mail        |    24 |    16 |       |       |   525 |   158 ||   723
       Ring mail         |   103 |     7 |       |       |       |       ||   110
       Chain mail        |       |   194 |   112 |       |       |       ||   306
       Plate armour      |       |       |   352 |   636 |   187 |       ||  1175
Dodge: Dodged            |    91 |    81 |   148 |   275 |   467 |    88 ||  1150
Block: Shield            |   139 |   199 |   432 |   662 |   887 |   158 ||  2477

Table legend:
 A = Spawn XP
 B = Non-spawn XP
 C = Spawn XP percentage of total XP
 D = Spawn monster count
 E = Non-spawn monster count
 F = Spawn count percentage of total count
 G = Total turns spent on level
                    A         B        C        D         E        F      G
               +---------+---------+-------+---------+---------+-------+---------
         Total |       0 |  145482 |   0.0 |       0 |     716 |   0.0 | 21737
               +---------+---------+-------+---------+---------+-------+---------
           D:1 |       0 |      95 |   0.0 |       0 |      34 |   0.0 |  1150
           D:2 |       0 |     122 |   0.0 |       0 |      27 |   0.0 |   751
           D:3 |       0 |     170 |   0.0 |       0 |      28 |   0.0 |  1061
           D:4 |       0 |     148 |   0.0 |       0 |      18 |   0.0 |   579
           D:5 |       0 |     736 |   0.0 |       0 |      13 |   0.0 |  1268
           D:6 |       0 |     671 |   0.0 |       0 |      22 |   0.0 |  1057
           D:7 |       0 |    1566 |   0.0 |       0 |      21 |   0.0 |  1039
           D:8 |       0 |    1235 |   0.0 |       0 |      29 |   0.0 |  1085
           D:9 |       0 |    2208 |   0.0 |       0 |      12 |   0.0 |   673
          D:10 |       0 |    3064 |   0.0 |       0 |      25 |   0.0 |   981
        Lair:1 |       0 |    4412 |   0.0 |       0 |      20 |   0.0 |  1006
        Lair:2 |       0 |    6850 |   0.0 |       0 |      38 |   0.0 |  1011
        Lair:3 |       0 |    6454 |   0.0 |       0 |      25 |   0.0 |  1167
        Lair:4 |       0 |    9965 |   0.0 |       0 |      44 |   0.0 |  1201
        Lair:5 |       0 |   10130 |   0.0 |       0 |      49 |   0.0 |  1095
        Lair:6 |       0 |   38835 |   0.0 |       0 |     122 |   0.0 |  2028
       Swamp:1 |       0 |    9580 |   0.0 |       0 |      25 |   0.0 |   930
       Swamp:2 |       0 |   10610 |   0.0 |       0 |      26 |   0.0 |   831
       Swamp:3 |       0 |   20979 |   0.0 |       0 |      48 |   0.0 |  1262
       Swamp:4 |       0 |   14025 |   0.0 |       0 |      29 |   0.0 |   487
       Ossuary |       0 |     375 |   0.0 |       0 |      41 |   0.0 |   318
         IceCv |       0 |    3252 |   0.0 |       0 |      20 |   0.0 |   645
               +---------+---------+-------+---------+---------+-------+---------
